 Dungeon Crawl Stone Soup version 0.26-a0-707-g31817bcca1 (webtiles) character file.

Game seed: 12076138882796391350

6129 snetch the Thaumaturge (level 10, 0/58 HPs)
             Began as a Deep Elf Conjurer on Oct 26, 2020.
             Was a Priest of Vehumet.
             Slain by a hornet (17 damage)
             ... on level 11 of the Dungeon.
             The game lasted 00:56:21 (9313 turns).

snetch the Thaumaturge (Deep Elf Conjurer)          Turns: 9313, Time: 00:56:22

Health: 0/58       AC:  8    Str:  4    XL:     10   Next: 59%
Magic:  16/27      EV: 16    Int: 27    God:    Vehumet [***...]
Gold:   499        SH:  0    Dex: 13    Spells: 18/32 levels left

rFire    . . .     SeeInvis .   a - +3 short sword (venom)
rCold    . . .     Faith    +   (no shield)
rNeg     . . .     Spirit   .   k - +2 robe {MR+}
rPois    .         Reflect  .   e - +0 helmet
rElec    .         Harm     .   H - +0 cloak
rCorr    .         Rampage  .   (no gloves)
MR       ++...                  o - +1 pair of boots
Stlth    +++.......             X - amulet of faith
HPRegen  0.19/turn              (no ring)
MPRegen  0.20/turn              (no ring)

@: lethally poisoned (0 -> -1)
A: no striking features
a: Renounce Religion


You were on level 11 of the Dungeon.
You worshipped Vehumet.
Vehumet was most pleased with you.
You visited 2 branches of the dungeon, and saw 12 of its levels.
You also visited: Ossuary.

You collected 590 gold pieces.
You spent 91 gold pieces at shops.

Inventory:

Hand Weapons
 a - a +3 short sword of venom (weapon)
 b - a +0 shortbow
 c - the +6 trident of Qoepli {freeze, rC++ Str+2}
   (You took it off an orc on level 4 of the Dungeon)

   It has been specially enchanted to freeze those struck by it, causing extra
   injury to most foes and up to half again as much damage against particularly
   susceptible opponents.
   It can also slow down cold-blooded creatures.
   It affects your strength (+2).
   It greatly protects you from cold.
 d - a +5 scimitar
 i - a +0 short sword of electrocution
 D - a +1 falchion of protection
Missiles
 r - 6 javelins
 x - 8 boomerangs
 B - 86 arrows
 C - 3 throwing nets
 G - 265 stones (quivered)
 Z - 30 poisoned darts
Armour
 e - a +0 helmet (worn)
 k - a +2 robe of magic resistance (worn)
 o - a +1 pair of boots (worn)
 H - a +0 cloak (worn)
Magical Staves
 p - an uncursed staff of air
Jewellery
 h - an uncursed amulet of regeneration
 y - an uncursed amulet of the acrobat
 X - an amulet of faith (around neck)
Wands
 f - a wand of iceblast (8)
 l - a wand of enslavement (9)
 m - a wand of random effects (19)
 A - a wand of flame (35)
 I - a wand of paralysis (9)
Scrolls
 j - a scroll of noise
 n - 12 scrolls of teleportation
 s - a scroll of enchant weapon
 t - 3 scrolls of enchant armour
 z - 3 scrolls of magic mapping
 E - 2 scrolls of remove curse
 O - a scroll of silence
 P - a scroll of fear
 T - 3 scrolls of amnesia
Potions
 g - a potion of resistance
 q - 7 potions of curing
 u - 2 potions of haste
 v - 3 potions of ambrosia
 w - 2 potions of might
 F - 2 potions of stabbing
 N - 2 potions of brilliance
 S - a potion of lignification
 U - a potion of cancellation
 W - a potion of flight


   Skills:
 + Level 4.9 Fighting
 + Level 1.4 Short Blades
 + Level 4.3 Bows
 + Level 4.1 Armour
 + Level 7.8 Dodging
 + Level 6.9 Stealth
 + Level 11.9 Spellcasting
 - Level 7.2 Conjurations
 + Level 3.0 Hexes


You had 18 spell levels left.
You knew the following spells:

 Your Spells              Type           Power        Failure   Level
a - Magic Dart            Conj           ####         1%          1
b - Searing Ray           Conj           ######       1%          2
c - Dazzling Flash        Conj/Hex       #####.       1%          3
d - Fulminant Prism       Conj/Hex       #####.....   1%          4
e - Iskenderun's Mystic   Conj/Tloc      #####...     2%          4

Your spell library contained the following spells:

 Spells                   Type           Power        Failure   Level
 Conjure Flame            Conj/Fire      #####...     1%          3
 Cause Fear               Hex            ####......   10%         4
 Yara's Violent Unravell  Hex/Tmut       ###.......   13%         5
 Silence                  Hex/Air        ###.......   45%         5
 Discord                  Hex            ####......   100%        8


Dungeon Overview and Level Annotations

Branches:
Dungeon (10/15)            Temple (1/1) D:4             Orc (0/2) D:10
Ossuary (visited)
   Lair: D:8-11

Altars:
Ashenzari
Cheibriados
Dithmenos
Elyvilon
Fedhas
Gozag
Hepliaklqana
Kikubaaqudgha
Makhleb
Nemelex Xobeh
Okawaru
Qazlal
Ru
Sif Muna
Trog
Uskayaw
Vehumet
Wu Jian
Xom
Yredelemnul
Zin
The Shining One

Shops:
D:7 *


Message History

The hornet is heavily wounded.
The hornet closely misses you.
The searing ray hits the hornet.
The hornet is heavily wounded.
You feel sick. The hornet closely misses you.
You hear a distant slurping noise.
The searing ray hits the hornet.
The hornet is severely wounded.
You finish channeling your searing ray.
The hornet closely misses you. The hornet misses you.
Casting: Searing Ray (safe; 1% risk of failure)
Confirm with . or Enter, or press ? or * to list all spells.
Aiming: Searing Ray (safe; 1% risk of failure)
Press: ? - help, Shift-Dir - straight line, f/p - hornet
Aim: a hornet (severely wounded)
The searing ray hits the hornet!
The hornet is almost dead. (Press . to maintain the ray.)
You feel sick. The hornet stings you!
You die...

#... #... ..
###...########..
#...............
#...............
#...............
#....y..........
#.....@.>...#
#...........#
#........##+#
..........+
..........#
..........#
..........#
..........#
.........#


You could see a hornet.

Vanquished Creatures
  Pikel (D:5)
  A troll (D:10)
  A hornet (D:9)
  Grum (D:10)
  Eustachio (D:6)
  Menkaure (D:6)
  Edmund (D:5)
  An ice beast (D:9)
  3 black bears
  2 phantoms
  2 sky beasts
  An eye of draining (D:9)
  7 ogres
  2 orc warriors
  2 wolves (D:10)
  2 centaurs
  A lemure (D:5)
  7 bullfrogs
  A water moccasin zombie (D:5)
  3 scorpions
  5 killer bees (D:10)
  2 wights (D:7)
  An electric eel (D:7)
  A howler monkey (D:4)
  A bullfrog zombie (D:7)
  4 centaur zombies (Ossuary)
  3 human zombies (Ossuary)
  A centaur skeleton (D:6)
  7 hounds
  2 jellies
  11 orc wizards
  10 orc priests
  2 iguanas
  3 worker ants
  A killer bee zombie (D:7)
  A big kobold zombie (Ossuary)
  2 hound zombies
  2 mummies (Ossuary)
  A worker ant zombie (D:5)
  6 adders
  14 gnolls
  A shadow imp (D:7)
  3 white imps
  An ufetubus (D:8)
  An ooze (D:2)
  An adder skeleton (D:4)
  4 adder zombies
  A worm (D:3)
  5 dart slugs
  4 leopard geckos
  25 orcs
  3 ball pythons
  4 giant cockroaches
  11 goblins
  9 hobgoblins
  8 jackals
  9 kobolds
  6 quokkas
  4 bats
  6 frilled lizards
  A giant cockroach zombie (D:5)
  A goblin zombie (D:4)
  11 hobgoblin zombies (Ossuary)
  A jackal zombie (Ossuary)
  7 kobold zombies (Ossuary)
  A leopard gecko skeleton (D:5)
  9 orc zombies (Ossuary)
  A quokka skeleton (D:8)
  A quokka zombie (D:4)
  6 rats
266 creatures vanquished.

Vanquished Creatures (others)
  A wight (D:7)
  An orc (D:9)
  A quokka (D:7)
  20 fulminant prisms
  7 withered plants (D:7)
30 creatures vanquished.

Grand Total: 296 creatures vanquished

Notes
Turn   | Place    | Note
-------+----------+-------------------------------------------
     0 | D:1      | snetch the Deep Elf Conjurer began the quest for the Orb.
     0 | D:1      | Reached XP level 1. HP: 10/10 MP: 6/6
   341 | D:1      | Reached XP level 2. HP: 15/15 MP: 6/8
   368 | D:1      | Learned a level 2 spell: Searing Ray
   588 | D:1      | Reached skill level 5 in Conjurations
   749 | D:2      | Reached XP level 3. HP: 19/19 MP: 4/9
   798 | D:1      | Learned a level 3 spell: Dazzling Flash
  1471 | D:2      | Reached XP level 4. HP: 24/24 MP: 5/11
  1764 | D:4      | Reached skill level 4 in Spellcasting
  1764 | D:4      | Reached XP level 5. HP: 28/28 MP: 6/13
  1905 | D:4      | Reached skill level 5 in Spellcasting
  1934 | D:4      | Reached XP level 6. HP: 23/32 MP: 5/15
  1935 | D:4      | Identified the +6 trident of Qoepli {freeze, rC++ Str+2}
  1990 | D:4      | Reached skill level 1 in Armour
  2008 | D:4      | Found a sand-covered staircase.
  2049 | Ossuary  | Entered an ossuary
  2512 | Ossuary  | Reached skill level 1 in Fighting
  2538 | Ossuary  | Reached XP level 7. HP: 12/38 MP: 2/17
  3017 | D:2      | Learned a level 4 spell: Fulminant Prism
  3288 | D:3      | Found a basalt altar of Yredelemnul.
  3374 | D:3      | Reached skill level 6 in Spellcasting
  3481 | D:3      | Found a sacrificial altar of Ru.
  3756 | D:3      | Found a stormy altar of Qazlal.
  3756 | D:3      | Found an opulent altar of Gozag.
  3761 | D:3      | Found a sparkling altar of Nemelex Xobeh.
  3763 | D:3      | Found an ornate altar of the Wu Jian Council.
  3764 | D:3      | Found a faded altar of an unknown god.
  4076 | D:5      | Entered Level 5 of the Dungeon
  4185 | D:4      | Found a broken altar of Ashenzari.
  4247 | D:4      | Reached XP level 8. HP: 44/44 MP: 11/19
  4305 | D:4      | Found a shimmering altar of Xom.
  4350 | D:5      | Found a shadowy altar of Dithmenos.
  4390 | D:5      | Reached skill level 7 in Spellcasting
  4513 | D:4      | Found a staircase to the Ecumenical Temple.
  4522 | Temple   | Entered the Ecumenical Temple
  4615 | Temple   | Became a worshipper of Vehumet
  4819 | D:6      | Reached skill level 5 in Dodging
  4830 | D:6      | Reached skill level 5 in Stealth
  4846 | D:6      | Noticed Menkaure
  4852 | D:6      | Killed Menkaure
  4859 | D:6      | Reached skill level 1 in Bows
  5167 | D:5      | Noticed Pikel
  5179 | D:5      | Killed Pikel
  5179 | D:5      | Reached skill level 8 in Spellcasting
  5179 | D:5      | Reached XP level 9. HP: 51/51 MP: 17/23
  5258 | D:5      | Learned a level 4 spell: Iskenderun's Mystic Blast
  5315 | D:5      | Noticed Edmund
  5325 | D:5      | Killed Edmund
  5691 | D:7      | Reached * piety under Vehumet
  5691 | D:7      | Offered knowledge of Freeze by Vehumet.
  5815 | D:6      | Found a burning altar of Makhleb.
  5840 | D:6      | Reached skill level 9 in Spellcasting
  5964 | D:6      | Noticed Eustachio
  5971 | D:6      | Killed Eustachio
  6632 | D:7      | Found Nech's General Store.
  6637 | D:7      | Reached skill level 10 in Spellcasting
  6693 | D:7      | Offered knowledge of Sandblast by Vehumet.
  6791 | D:7      | Bought a potion of flight for 39 gold pieces
  6791 | D:7      | Bought a scroll of teleportation for 39 gold pieces
  6791 | D:7      | Bought a scroll of random uselessness for 13 gold pieces
  7050 | D:7      | Found a white marble altar of Elyvilon.
  7109 | D:7      | Reached ** piety under Vehumet
  7112 | D:7      | Reached XP level 10. HP: 58/58 MP: 17/26
  7171 | D:7      | Found an ancient bone altar of Kikubaaqudgha.
  7286 | D:8      | Found a bloodstained altar of Trog.
  7785 | D:8      | Reached skill level 1 in Short Blades
  8042 | D:8      | Reached skill level 1 in Hexes
  8396 | D:9      | Reached skill level 11 in Spellcasting
  8430 | D:9      | Offered knowledge of Conjure Flame by Vehumet.
  8777 | D:10     | Entered Level 10 of the Dungeon
  8777 | D:10     | Found a staircase to the Orcish Mines.
  8777 | D:10     | Noticed Grum
  8782 | D:10     | Reached *** piety under Vehumet
  8783 | D:10     | Killed Grum
  9305 | D:10     | You fall into a shaft and drop 1 floor!
  9313 | D:11     | Slain by a hornet

Illustrated notes

Levels and vault maps discovered:
D:1:      evilmike_arrival_crescent, layout_basic, serial_forest,
          infiniplex_forest_lined_room_, infiniplex_forest_lined_2,
          infiniplex_forest_clump_C, infiniplex_forest_clump_tiny, minmay_tall_x
D:2:      layout_loops_ring
D:3:      layout_rooms, yredelemnul_altar_generic, lemuel_doored_altar,
          chequers_temple_overflow_minitemple
D:4:      layout_rooms, kennysheep_little_box, lemuel_coloured_pillars_altar,
          minmay_temple_entry_poolview, enter_ossuary_4
D:5:      layout_basic, roderic_serpentine_path,
          nicolae_dithmenos_shadow_blocks, uniq_edmund, uniq_pikel
D:6:      layout_loops_cross, lemuel_crystal_altar, uniq_menkaure,
          uniq_eustachio
D:7:      layout_rooms, kiku_gazebo_garden_becter, elyvilon_altar_4,
          serial_shops, shop, nicolae_lava_and_water, st_stairs_12
D:8:      layout_gridville, trog_ov_bears_minmay
D:9:      layout_stronghold
D:10:     layout_rooms, orc_0_dummy, serial_shops, nicolae_shop_waterfront,
          enter_trove_3, uniq_erica, uniq_grum
D:11:     layout_irregular_city, dpeg_lair_monsters, uniq_psyche, uniq_sonja
Temple:   chequers_temple_sunken

Skill      XL: |  1  2  3  4  5  6  7  8  9 10 |
---------------+-------------------------------+-----
Conjurations   | 5 6 7 |  7.2
Stealth        | 3 4 5 6 |  6.9
Dodging        | 3 4 5 7 |  7.8
Spellcasting   | 4 5 6 8 10 11 | 11.9
Armour         | 1 2 3 4 |  4.1
Fighting       | 1 2 3 4 |  4.9
Bows           | 1 4 |  4.3
Short Blades   | 1 |  1.4
Hexes          | 3 |  3.0

Action                   |  1- 3 |  4- 6 |  7- 9 | 10-12 || total
-------------------------+-------+-------+-------+-------++-------
Melee: Dagger            |       |    26 |       |       ||    26
       Whip              |       |    26 |       |       ||    26
       Trident           |       |    16 |    57 |       ||    73
       Short sword       |       |       |     5 |    30 ||    35
 Fire: Shortbow          |       |       |    11 |       ||    11
 Cast: Magic Dart        |    61 |    93 |   107 |    38 ||   299
       Searing Ray       |     4 |     9 |    46 |    22 ||    81
       Fulminant Prism   |       |       |     9 |    11 ||    20
  Use: Potion            |       |     3 |     1 |       ||     4
       Scroll            |       |     2 |    11 |     4 ||    17
 Stab: Sleeping          |       |     1 |     2 |       ||     3
Armor: Robe              |     3 |       |    21 |    32 ||    56
       Leather armour    |     1 |    15 |     6 |       ||    22
       Skin              |       |    36 |       |       ||    36
Dodge: Dodged            |     7 |    34 |   100 |   111 ||   252

Table legend: (Time is in decaauts)
 A = Elapsed time spent in this place.
 B = Non-inter-level travel time spent in this place.
 C = Inter-level travel time spent in this place.
 D = Time resting spent in this place.
 E = Time spent auto-exploring this place.
 F = Levels seen in this place.
 G = Mean time per level.
                   A        B        C        D        E       F      G
               +--------+--------+--------+--------+--------+-----+--------+
         Total |   9417 |   8995 |    422 |    556 |   5519 |  13 |  724.4 |
       Dungeon |   8495 |   8073 |    422 |    537 |   5074 |  11 |  772.3 |
        Temple |    148 |    148 |      0 |      0 |      0 |   1 |  148.0 |
       Ossuary |    773 |    773 |      0 |     19 |    445 |   1 |  773.0 |
               +--------+--------+--------+--------+--------+-----+--------+

Top non-repeatable levels by time:
     D:1: 1251 daAuts
     D:9: 1068 daAuts
     D:3: 1019 daAuts
     D:6: 1007 daAuts
     D:7: 895 daAuts
     D:8: 874 daAuts
     D:2: 834 daAuts
     D:5: 775 daAuts
 Ossuary: 773 daAuts
     D:4: 722 daAuts
  Temple: 148 daAuts
    D:10: 39 daAuts
    D:11: 7 daAuts
